[Event "Early-Titled-Tuesday-Blitz-May-14-2024"]
[Site "Chess.com"]
[Date "2024.05.14"]
[Round "1"]
[White "rollercoaster29"]
[Black "Yaacovn"]
[Result "0-1"]
[WhiteElo "2464"]
[BlackElo "2809"]
[TimeControl "180+1"]
[EndTime "8:06:42 PDT"]
[Termination "Yaacovn won by resignation"]

1. e4 c6 2. d4 d5 3. e5 Bf5 4. Nf3 e6 5. Be2 Ne7 6. O-O Bg6 7. Nbd2 Nf5 8. Nb3 Nd7 9. a4 a6 10. a5 Rc8 11. c4 dxc4 12. Bxc4 Bh5 13. Qd3 Be7 14.
h3 Bg6 15. Qe2 O-O 16. g4 Nh6 17. Be3 Kh8 18. Qd2 Ng8 19. Kg2 Be4 20. Qe2 c5 21.
dxc5 Nxe5 22. Nd2 Bc6 23. Kg1 Nxc4 24. Nxc4 Bb5 25. b3 Bxc5 26. Bxc5 Rxc5 27. Qe3 Qe7 28.
Nfe5 Nf6 29. Rfd1 Nd5 30. Qg3 Rd8 31. Ne3 Kg8 32. Nxd5 Rcxd5 33. Rxd5 exd5 34. Re1 Qb4 35. Rd1 d4 36. Nd3 Qxb3 37. Qf3 Bc6 38. Qe2 Re8 39. Qd2 Qd5 0-1

[Event "Early-Titled-Tuesday-Blitz-May-14-2024"]
[Site "Chess.com"]
[Date "2024.05.14"]
[Round "1"]
[White "BardArtem"]
[Black "omer1997"]
[Result "0-1"]
[WhiteElo "2754"]
[BlackElo "2491"]
[TimeControl "180+1"]
[EndTime "8:06:42 PDT"]
[Termination "omer1997 won by checkmate"]

1. b3 d5 2. Bb2 Nf6 3. g3 g6 4. Bg2 Bg7 5. Nf3 O-O 6. O-O c6 7. c4 Bg4 8. d4 Ne4 9. Nc3 Nxc3 10. Bxc3 Nd7 11. h3 Bxf3 12. Bxf3 e6 13. e3 Nf6 14.
Qe2 Re8 15. Rfd1 Qb6 16. b4 Qa6 17. cxd5 Qxe2 18. Bxe2 cxd5 19. Rac1 Rec8 20. Be1 Bf8 21. f3 Bd6 22. Kf2 Kf8 23. g4 Nd7 24. e4 Nb6 25. e5 Be7 26. f4 Rxc1 27. Rxc1 Rc8 28. Rxc8+ Nxc8 29. Ke3 Nb6 30. f5 Bg5+ 31. Kf3 Ke7 32. f6+ Kd8 33. Bd3 a6 34. Ke2 Nc4 35. Bxc4 dxc4 36.
a4 Kc7 37. h4 Bc1 38. Bd2 Bb2 39. d5 exd5 40. e6 Bxf6 41. exf7 Bg7 42. Bc3 Bf8 43. Ke3 Kd7 44. Kd4 Ke6 45. b5 b6 46. bxa6 Bc5# 0-1

[Event "Early-Titled-Tuesday-Blitz-May-14-2024"]
[Site "Chess.com"]
[Date "2024.05.14"]
[Round "1"]
[White "DreamsAreFake"]
[Black "pirulillo"]
[Result "1-0"]
[WhiteElo "2769"]
[BlackElo "2436"]
[TimeControl "180+1"]
[EndTime "8:06:43 PDT"]
[Termination "DreamsAreFake won by resignation"]

1. Nf3 Nf6 2. g3 g6 3. Bg2 Bg7 4. O-O O-O 5. d4 d6 6. c3 Nbd7 7. Nbd2 e5 8. dxe5 dxe5 9. e4 Qe7 10. Qe2 b6 11. a4 a5 12. b3 Ba6 13. c4 Bb7 14. Ne1 Nc5 15. Ba3 Rfd8 16. Nc2 Bf8 17. Ne3 Qe8 18. Nd5 Nxd5 19. exd5 f5 20. Rfe1 Bd6 21. Bxc5 Bxc5 22. Qxe5 Qxe5 23. Rxe5 Bd4 24. Rae1 Bxe5 25. Rxe5 Re8 26. f4 Kf7 27. Kf2 Kf6 28.
Nf3 h6 29. Ke3 g5 30. Kd4 Rad8 31. Ne1 c5+ 32. Ke3 Rxe5+ 33. fxe5+ Kxe5 34. Nd3+ Kd6 35.
Kf2 Rf8 36. Nc1 Ke5 37. Ne2 Bc8 38. Bf3 Bd7 39. Ke3 Be8 40. Nc1 h5 41. Nd3+ Kd6 42. Nf2 Rh8 43. h4 f4+ 44. gxf4 gxh4 45. Ne4+ Ke7 46.
Ng5 Bd7 47. Bg2 Kf6 48. Kf3 Bg4+ 49. Kf2 Re8 50. Ne4+ Kf5 51. Nd6+ Kxf4 52. Nxe8 h3 53. Bh1 Ke5 54. Nc7 Kd4 55. Nb5+ Kd3 56. d6 Bd7 57. Na7 Kc3 58. Bc6 Be6 59. d7 Bxd7 60.
Bxd7 Kxb3 61. Nc8 Kxc4 62. Nxb6+ Kb4 63. Bb5 h4 64. Nc4 Kc3 65. Nxa5 h2 66. Kg2 h3+ 67. Kxh2 Kb4 68. Nc4 1-0

[Event "Early-Titled-Tuesday-Blitz-May-14-2024"]
[Site "Chess.com"]
[Date "2024.05.14"]
[Round "1"]
[White "yuriydovzik"]
[Black "guillembaches"]
[Result "0-1"]
[WhiteElo "2139"]
[BlackElo "2571"]
[TimeControl "180+1"]
[EndTime "8:06:43 PDT"]
[Termination "guillembaches won on time"]

1. b3 d5 2. Bb2 Bf5 3. Nf3 e6 4. e3 h6 5. d4 Nf6 6. Bd3 Bxd3 7. cxd3 Nbd7 8. Ne5 Nxe5 9. dxe5 Nd7 10. d4 Be7 11. O-O O-O 12. Nd2 b6 13. e4 Nb8 14. Qf3 c6 15. Rac1 Qd7 16. Qh3 a5 17. a4 Na6 18.
exd5 Qxd5 19. Nc4 Rab8 20. Rfd1 Nb4 21. Ba3 Rfd8 22. Bxb4 Bxb4 23. Qd3 c5 24. Ne3 Qxd4 25. Qxd4 cxd4 26. Nc4 Bc5 27. Rd3 f6 28. f4 Kf7 29.
Kf2 Rd5 30. Ke2 Rbd8 31. g4 h5 32. g5 fxg5 33. fxg5 Kg6 34. Kf3 R5d7 35. Ke4 Rf8 36. Nxa5 Rdf7 0-1

[Event "Early-Titled-Tuesday-Blitz-May-14-2024"]
[Site "Chess.com"]
[Date "2024.05.14"]
[Round "1"]
[White "TenisMaster"]
[Black "VD_coach"]
[Result "1-0"]
[WhiteElo "2910"]
[BlackElo "2520"]
[TimeControl "180+1"]
[EndTime "8:06:44 PDT"]
[Termination "TenisMaster won by resignation"]

1. e4 c5 2. Nf3 d6 3. d4 cxd4 4. Nxd4 Nf6 5. Nc3 g6 6. Be3 Bg7 7. f3 Nc6 8. Qd2 O-O 9. O-O-O Nxd4 10. Bxd4 Be6 11. Kb1 Qc7 12. Nb5 Qc6 13. Be3 Bc4 14.
Nd4 Qa6 15. Bxc4 Qxc4 16. h4 h5 17. Bh6 Rfc8 18. Bxg7 Kxg7 19. c3 b5 20. Qg5 Kh7 21. Qxb5 Qc7 22. Qb3 Kg7 23. Ka1 a5 24. a4 Rab8 25.
Nb5 Qb6 26. Qc2 Rc4 27. Rd4 Rbc8 28. Rhd1 Rxd4 29. Rxd4 Nd7 30. b3 Rc5 31. Kb2 Ne5 32.
Rd1 Nc4+ 33. bxc4 Rxc4 34. Rd4 Qc5 35. Qd2 Rxd4 36. Qxd4+ 1-0

[Event "Early-Titled-Tuesday-Blitz-May-14-2024"]
[Site "Chess.com"]
[Date "2024.05.14"]
[Round "1"]
[White "aa175"]
[Black "HanSchut"]
[Result "1-0"]
[WhiteElo "2716"]
[BlackElo "2402"]
[TimeControl "180+1"]
[EndTime "8:06:44 PDT"]
[Termination "aa175 won by resignation"]

1. d4 Nf6 2. Nf3 g6 3. c4 Bg7 4. Nc3 d5 5. cxd5 Nxd5 6. e4 Nxc3 7. bxc3 c5 8. Rb1 O-O 9. Be2 Nc6 10. d5 Ne5 11. Nxe5 Bxe5 12. Qd2 e6 13. f4 Bc7 14.
Ba3 exd5 15. Bxc5 Re8 16. e5 b6 17. Bf2 Bf5 18. Rd1 f6 19. Bf3 fxe5 20. Qxd5+ Kh8 21. Qxa8 exf4+ 22. Kf1 Qxd1+ 23. Bxd1 Rxa8 24. Bd4+ Kg8 25. Bb3+ Kf8 26. Kf2 Re8 27. h4 Be5 28. Bxe5 Rxe5 29. Kf3 Re3+ 30. Kxf4 Rxc3 31. g4 Bc8 32. h5 Kg7 33.
h6+ Kf8 34. Rf1 Rc6 35. Ke5+ Ke8 36. Ba4 1-0

[Event "Early-Titled-Tuesday-Blitz-May-14-2024"]
[Site "Chess.com"]
[Date "2024.05.14"]
[Round "1"]
[White "BelyakovBogdan"]
[Black "Janh4"]
[Result "1-0"]
[WhiteElo "2595"]
[BlackElo "2214"]
[TimeControl "180+1"]
[EndTime "8:06:44 PDT"]
[Termination "BelyakovBogdan won on time"]

1. e4 c6 2. d4 d5 3. exd5 cxd5 4. Bd3 Qc7 5. Nc3 Nf6 6. Nb5 Qb6 7. Bf4 Na6 8. a4 Bd7 9. a5 Qe6+ 10. Ne2 g6 11.
O-O Bg7 12. Re1 O-O 13. Ng3 Qc6 14. c3 Ne8 15. Rxe7 Bf6 16. Re1 Ng7 17. Nd6 Nc7 18. Qf3 Nge6 19. Be5 Bxe5 20. dxe5 Nc5 21. Bc2 a6 22. Nh5 f5 23. Nf4 Ne4 24. Rad1 Be6 25.
Bb3 Nxd6 26. Nxe6 Nc4 27. Nxf8 Rxf8 28. Bxc4 dxc4 29. Qxc6 bxc6 30. Rd6 1-0

[Event "Early-Titled-Tuesday-Blitz-May-14-2024"]
[Site "Chess.com"]
[Date "2024.05.14"]
[Round "1"]
[White "invisible_s0ul"]
[Black "Phuzer"]
[Result "0-1"]
[WhiteElo "2312"]
[BlackElo "2632"]
[TimeControl "180+1"]
[EndTime "8:06:45 PDT"]
[Termination "Phuzer won by resignation"]

1. e4 e5 2. Nf3 Nc6 3. Bb5 g6 4. O-O Bg7 5. c3 d6 6. d4 Bd7 7. Re1 Nf6 8. Nbd2 O-O 9. Nf1 Nxd4 10. Nxd4 exd4 11. Bxd7 Qxd7 12. cxd4 c6 13. Ng3 d5 14. e5 Ne8 15. Bf4 Nc7 16. Qd2 Ne6 17. Rad1 Nxf4 18. Qxf4 Rae8 19. h4 f6 20. exf6 Rxf6 21. Qg5 h6 22.
Qd2 Rfe6 23. Rxe6 Qxe6 24. h5 g5 25. Qd3 Qf7 26. Qc3 Re6 27. Re1 Rxe1+ 28. Qxe1 Bxd4 29. b3 c5 30. Ne2 Bg7 31. Qa5 b6 32. Qd2 d4 33.
Ng3 Be5 34. Qd3 Bxg3 35. Qxg3 Qd7 36. Qd3 Qe6 37. Qg3 Qe1+ 38. Kh2 Qe7 39. Qd3 Qf7 40. Qh3 Qxf2 41. Qc8+ Kg7 42. Qc7+ Qf7 43. Qe5+ Kg8 44.
Qb8+ Kh7 45. Qe5 Qf4+ 0-1

[Event "Early-Titled-Tuesday-Blitz-May-14-2024"]
[Site "Chess.com"]
[Date "2024.05.14"]
[Round "1"]
[White "rasmussvane"]
[Black "sakkikuska"]
[Result "1-0"]
[WhiteElo "2974"]
[BlackElo "2534"]
[TimeControl "180+1"]
[EndTime "8:06:46 PDT"]
[Termination "rasmussvane won by resignation"]

1. Nf3 Nf6 2. g3 g6 3. Bg2 Bg7 4. d4 d5 5. O-O O-O 6. c4 c6 7. Qb3 dxc4 8. Qxc4 Na6 9. Nc3 Bf5 10. Re1 Ne4 11.
Qb3 Nxc3 12. bxc3 Qd7 13. a4 Be4 14. Ba3 c5 15. Ne5 Bxe5 16. Bxe4 cxd4 17. Qxb7 Nc7 18. cxd4 Qxd4 19. e3 Qb6 20. Rab1 Qxb7 21. Rxb7 a5 22. Bxe7 Rfe8 23. Ba3 Ne6 24. Rd1 Rad8 25. Rxd8 Rxd8 26. Rb5 Bc3 27. Kg2 Rd1 28. Bd5 Ra1 29. Rb3 Be5 30.
f4 Bf6 31. e4 Nd4 32. Rb8+ 1-0

[Event "Early-Titled-Tuesday-Blitz-May-14-2024"]
[Site "Chess.com"]
[Date "2024.05.14"]
[Round "1"]
[White "Hikaru"]
[Black "Artem_Koval"]
[Result "1-0"]
[WhiteElo "3204"]
[BlackElo "2548"]
[TimeControl "180+1"]
[EndTime "8:06:47 PDT"]
[Termination "Hikaru won by resignation"]

1. b3 d5 2. Bb2 Bf5 3. Nf3 Nf6 4. g3 e6 5. d3 Be7 6. Nbd2 h6 7. Bg2 O-O 8. O-O c6 9. c4 a5 10. a3 Bh7 11. Qc2 Nbd7 12. Rfd1 Qc7 13. Rac1 Rfe8 14. Qb1 Qb6 15. Qa1 Ng4 16. Bd4 Bc5 17. Bxc5 Nxc5 18. Qd4 Nf6 19. cxd5 Ncd7 20. Qxb6 Nxb6 21. dxc6 bxc6 22.
Nd4 Nbd5 23. Nxc6 Ra6 24. Ne4 Rb6 25. Nxf6+ Nxf6 26. Nxa5 Bf5 27. b4 h5 28. Nc4 Ra6 29. b5 Ra4 30. b6 Bg4 31. f3 Bf5 32. Nd6 Rb8 33. b7 Nd7 34. Rc8+ Kh7 35. f4 Rxa3 36.
Bc6 Ra6 37. Bxd7 Rxd6 38. Rxb8 Rxd7 39. Rh8+ Kxh8 40. b8=Q+ Kh7 41. Qe5 f6 42. Qc5 Kg6 43. Kg2 Bg4 44. Kf2 Rb7 45. Qc6 Rb2 46. Re1 Bf5 47.
Kg1 h4 48. gxh4 Kh5 49. Qe8+ Kg4 50. Qh8 Kxf4 51. Qxg7 Ke5 52. d4+ Ke4 53. Qg2+ Ke3 54. Qf2+ Ke4 55. h5 Rb8 56. Qg2+ Kxd4 57. Qg3 Rf8 58. Rd1+ Ke4 59. h6 Bg4 60. Qxg4+ Ke3 1-0

[Event "Early-Titled-Tuesday-Blitz-May-14-2024"]
[Site "Chess.com"]
[Date "2024.05.14"]
[Round "1"]
[White "SaqoChess_Twitch"]
[Black "PapaieDudu"]
[Result "1-0"]
[WhiteElo "2683"]
[BlackElo "2369"]
[TimeControl "180+1"]
[EndTime "8:06:47 PDT"]
[Termination "SaqoChess_Twitch won by checkmate"]

1. d4 d5 2. c4 e6 3. Nc3 Nf6 4.
cxd5 exd5 5. Bg5 Be7 6. e3 c6 7. Bd3 O-O 8. Nf3 Nbd7 9. Qc2 h6 10. Bh4 Re8 11. O-O Nf8 12. Bxf6 Bxf6 13. b4 g6 14. b5 Bd7 15. bxc6 Bxc6 16. Rab1 a6 17. Na4 Bg7 18. Nc5 Re7 19. Rb2 Ne6 20. Nxe6 Rxe6 21. Rfb1 Qd7 22. Nd2 Rae8 23. Nb3 Qc8 24. Nc5 R6e7 25. Rc1 Rc7 26. Qd2 Ree7 27. Rbc2 Be8 28.
Nb3 Rxc2 29. Rxc2 Rc7 30. h3 Ba4 31. Rxc7 Qxc7 32. Nc5 Bc6 33. Qb4 Bf8 34. Qc3 Bg7 35.
Nb3 Qb6 36. Qc5 Qd8 37. Na5 Bf8 38. Nxc6 Qc7 39. Qxd5 bxc6 40. Qc4 a5 41. Bxg6 Kg7 42. Be4 Qb8 43. g3 Bd6 44. Kg2 Bc7 45. Qxc6 Bd8 46.
Bd5 Bf6 47. Qd7 Qf8 48. Qg4+ Kh8 49. Qf5 Bg7 50. Be4 Kg8 51. Qh7# 1-0

[Event "Early-Titled-Tuesday-Blitz-May-14-2024"]
[Site "Chess.com"]
[Date "2024.05.14"]
[Round "1"]
[White "Hasangatin_Ramil"]
[Black "youngdinousaur"]
[Result "1-0"]
[WhiteElo "2693"]
[BlackElo "2378"]
[TimeControl "180+1"]
[EndTime "8:06:48 PDT"]
[Termination "Hasangatin_Ramil won by checkmate"]

1. e4 c5 2. Nf3 e6 3. g3 Nc6 4.
Bg2 Nf6 5. d3 d5 6. Qe2 Be7 7.
e5 Nd7 8. c4 Qc7 9. Bf4 dxc4 10. dxc4 b6 11. Nc3 Bb7 12. O-O O-O 13. Nd5 exd5 14. cxd5 Nb4 15. d6 Qd8 16. dxe7 Qxe7 17. Rfe1 Rfe8 18. a3 Ba6 19. Qd2 Nd3 20. Bg5 Qe6 21.
Re3 h6 22. Bh4 g5 23. Bxg5 hxg5 24. Nxg5 Qb3 25. Bxa8 Rxa8 26. e6 fxe6 27. Rxe6 N7e5 28. Qe3 Bb7 29. Rxe5 Rf8 30. Rf1 Qxb2 31. Re7 Nxf2 32. Qe6+ Kh8 33. Qh6+ Kg8 34. Qh7# 1-0

[Event "Early-Titled-Tuesday-Blitz-May-14-2024"]
[Site "Chess.com"]
[Date "2024.05.14"]
[Round "1"]
[White "noblerone"]
[Black "DrVelja"]
[Result "0-1"]
[WhiteElo "2531"]
[BlackElo "2958"]
[TimeControl "180+1"]
[EndTime "8:06:49 PDT"]
[Termination "DrVelja won by resignation"]

1. d4 Nf6 2. Nf3 g6 3. c4 Bg7 4. Nc3 d5 5. Bg5 Ne4 6. cxd5 Nxg5 7. Nxg5 e6 8. Nf3 exd5 9. e3 O-O 10. Bd3 c6 11. O-O Qd6 12. Rb1 Re8 13. b4 a6 14. a4 b5 15. a5 Nd7 16. Ne2 Nf6 17. Ne5 Ng4 18. Nxg4 Bxg4 19. h3 Bxe2 20. Bxe2 f5 21.
g3 Rxe3 22. fxe3 Qxg3+ 23. Kh1 Qxh3+ 24. Kg1 Bh6 25. Rf3 Bxe3+ 26. Rxe3 Qxe3+ 27. Kg2 Re8 28. Bf3 Qg5+ 29. Kf2 Qe3+ 30. Kg2 g5 31. Qc1 g4 32. Qxe3 Rxe3 33. Bd1 Rc3 34. Be2 Kg7 35. Re1 Kf6 36.
Bd1 Rc1 37. Kf2 h5 38. Ke2 h4 39. Kd2 Ra1 40. Re5 h3 41. Bc2 h2 42. Rxf5+ Ke7 43. Re5+ Kd6 44. Bf5 h1=Q 45. Re6+ Kc7 46. Re7+ Kd8 47.
Rd7+ Ke8 0-1

[Event "Early-Titled-Tuesday-Blitz-May-14-2024"]
[Site "Chess.com"]
[Date "2024.05.14"]
[Round "1"]
[White "Byniolus"]
[Black "AttilaTurzo"]
[Result "1-0"]
[WhiteElo "2828"]
[BlackElo "2476"]
[TimeControl "180+1"]
[EndTime "8:06:49 PDT"]
[Termination "Byniolus won by checkmate"]

1. d4 d5 2. Nf3 Nf6 3. Bf4 c5 4. c3 cxd4 5. cxd4 Nc6 6. Nc3 a6 7. e3 Bg4 8. Bd3 e6 9. Qb3 Na5 10. Qa4+ Nc6 11. Ne5 Qb6 12. O-O Rc8 13. Rfc1 Be7 14. a3 O-O 15. Bg5 Qc7 16. Bxf6 Bxf6 17. Nxg4 Be7 18. f4 f5 19. Ne5 Nxe5 20. fxe5 Bg5 21.
Re1 Qb6 22. Qb4 Qc7 23. g3 h5 24. h4 Bh6 25. Rac1 Qf7 26. Kg2 Qg6 27. Rc2 Qg4 28.
Be2 Qg6 29. Bd3 Qg4 30. Rf2 f4 31. exf4 Rxf4 32. Rxf4 Bxf4 33. Ne2 Rf8 34. Rf1 Rf7 35. Rxf4 Rxf4 36. Nxf4 Qd1 37. Qc3 g5 38. hxg5 h4 39.
Qc8+ Kg7 40. Qd7+ Kh8 41. Qh7# 1-0

[Event "Early-Titled-Tuesday-Blitz-May-14-2024"]
[Site "Chess.com"]
[Date "2024.05.14"]
[Round "1"]
[White "miragha_yev"]
[Black "chess_blitz00"]
[Result "1-0"]
[WhiteElo "2822"]
[BlackElo "2474"]
[TimeControl "180+1"]
[EndTime "8:06:51 PDT"]
[Termination "miragha_yev won on time"]

1. d4 Nf6 2. Nc3 d5 3. Bf4 e6 4.
e3 Bd6 5. Nf3 O-O 6. Ne5 Nbd7 7.
g4 Ne4 8. Nxe4 dxe4 9. Bg2 f6 10.
Nxd7 Bxd7 11. Bxd6 cxd6 12. Bxe4 f5 13. Bd3 Bc6 14.
Rg1 f4 15. g5 fxe3 16. fxe3 Bf3 17. Qd2 Qb6 18. c3 e5 19. Be2 Bxe2 20. Qxe2 exd4 21.
cxd4 Rac8 22. Qd2 Qb5 23. h4 Rf3 24. Qe2 Qb4+ 25. Qd2 Rxe3+ 26. Kd1 Qa4+ 27. b3 Rxb3 28. Ke1 Rb4 29. Rd1 Rc2 30. Qe3 h6 31. gxh6 Rxd4 32.
Rxg7+ Kh8 33. Qxd4 Qa5+ 34. Rd2 Rc1+ 35. Ke2 Qb5+ 36. Rd3 Rc2+ 37. Ke3 Re2+ 38. Kxe2 1-0

[Event "Early-Titled-Tuesday-Blitz-May-14-2024"]
[Site "Chess.com"]
[Date "2024.05.14"]
[Round "1"]
[White "bangchess21"]
[Black "emeli_chess"]
[Result "1-0"]
[WhiteElo "2773"]
[BlackElo "2445"]
[TimeControl "180+1"]
[EndTime "8:06:51 PDT"]
[Termination "bangchess21 won by resignation"]

1. b4 d5 2. Bb2 Bg4 3. h3 Bh5 4. g4 Bg6 5. Bg2 e6 6. a3 Nd7 7. Nf3 Ndf6 8. d3 Bd6 9. Nbd2 Ne7 10. c4 c6 11. Ne5 O-O 12. Nxg6 Nxg6 13. c5 Bc7 14. e3 Nh4 15. Bf1 e5 16. Nf3 Nxf3+ 17. Qxf3 d4 18. Be2 Qd5 19. O-O Qxf3 20. Bxf3 Rad8 21.
exd4 exd4 22. Rfe1 Nd5 23. Bxd5 Rxd5 24. Re7 Rc8 25. Rae1 Kf8 26. R1e4 b5 27. Bxd4 Rxd4 28. Rxc7 Rxc7 29. Rxd4 Ke7 30. Rd6 g6 31. Kg2 f6 32.
h4 h6 33. g5 hxg5 34. hxg5 fxg5 35. Rxg6 Rd7 36. Rg7+ Ke6 37. Rxd7 Kxd7 38. Kf3 Ke6 39. Kg4 Kf6 40. f4 gxf4 41. Kxf4 a6 42. Ke4 Ke6 43. d4 Kf6 44. d5 cxd5+ 45. Kxd5 Ke7 46. Kc6 1-0

[Event "Early-Titled-Tuesday-Blitz-May-14-2024"]
[Site "Chess.com"]
[Date "2024.05.14"]
[Round "1"]
[White "ChessGiantYouTube"]
[Black "fandebobbyfischer"]
[Result "0-1"]
[WhiteElo "2410"]
[BlackElo "2740"]
[TimeControl "180+1"]
[EndTime "8:06:51 PDT"]
[Termination "fandebobbyfischer won by resignation"]

1. g3 g6 2. Bg2 Bg7 3. d3 Nf6 4.
e3 O-O 5. Ne2 d6 6. Nd2 c5 7. b3 Nc6 8. Bb2 e5 9. h3 Re8 10. O-O Bd7 11. Rb1 Qc8 12. Kh2 Qc7 13. f4 d5 14. fxe5 Nxe5 15. Nf4 Bc6 16. Kh1 Rad8 17. Nf3 Ned7 18. Qd2 Re7 19. Rbe1 Rde8 20. c4 dxc4 21. bxc4 h6 22. h4 Ng4 23. Bxg7 Kxg7 24.
e4 Nde5 25. Qc3 Kg8 26. Bh3 Nxf3 27. Rxf3 Ne5 28. Rfe3 Qd6 29. Nd5 Bxd5 30. exd5 Nf3 31. Rxe7 Rxe7 32. Rxe7 Qxe7 33. Qc1 Qe2 34. Bg2 Ne1 35. Bh3 Qf3+ 36. Kh2 Qf2+ 37. Kh1 Qxg3 38. Bf1 Nf3 0-1

[Event "Early-Titled-Tuesday-Blitz-May-14-2024"]
[Site "Chess.com"]
[Date "2024.05.14"]
[Round "1"]
[White "Baronessa08"]
[Black "Arteler"]
[Result "1-0"]
[WhiteElo "2596"]
[BlackElo "2217"]
[TimeControl "180+1"]
[EndTime "8:06:51 PDT"]
[Termination "Baronessa08 won by checkmate"]

1. c4 Nf6 2. Nc3 g6 3. Nf3 Bg7 4. g3 d6 5. Bg2 O-O 6. d4 Nc6 7. O-O a6 8. d5 Na5 9. Nd2 c5 10. Qc2 Bd7 11. b3 Rb8 12. Bb2 b5 13. Rab1 bxc4 14.
bxc4 Qc7 15. h3 Rb7 16. Ba1 Rfb8 17. Rxb7 Rxb7 18. e4 Qb8 19. Re1 Rb4 20. Bf1 Qc8 21. Kh2 Qb8 22. f4 h5 23. e5 Ne8 24. e6 Bc8 25.
exf7+ Kxf7 26. Nde4 Bf5 27. Ng5+ Kg8 28. Bd3 Qc8 29. Rxe7 Rxc4 30. Bxf5 gxf5 31. Ne6 Bf6 32. Qxf5 Bxe7 33. Qg6+ Kh8 34. Nb5+ Nf6 35. Bxf6+ Bxf6 36. Qxf6+ Kg8 37. Qg7# 1-0

[Event "Early-Titled-Tuesday-Blitz-May-14-2024"]
[Site "Chess.com"]
[Date "2024.05.14"]
[Round "1"]
[White "Bauman_Guy"]
[Black "Kotofeyca"]
[Result "1-0"]
[WhiteElo "2886"]
[BlackElo "2509"]
[TimeControl "180+1"]
[EndTime "8:06:52 PDT"]
[Termination "Bauman_Guy won by checkmate"]

1. e4 c5 2. Nf3 d6 3. d4 cxd4 4.
Nxd4 Nf6 5. Nc3 a6 6. h3 b5 7. a4 b4 8. Nd5 Nxe4 9. Qf3 Nc5 10. Be3 Bb7 11. O-O-O e6 12. Bc4 Nbd7 13. Qe2 exd5 14.
Nf5 Ne6 15. Bxd5 Bxd5 16. Rxd5 Nf6 17. Rd2 Be7 18. g4 O-O 19. Qf3 d5 20. Rhd1 Nc7 21. Bb6 Ne4 22. Rxd5 Bg5+ 23. Kb1 Qxd5 24. Rxd5 Nxd5 25.
Qxe4 Nxb6 26. f4 Rfe8 27. Qd4 Bd8 28. a5 Bf6 29. Qxb6 Rab8 30. Qc6 b3 31. cxb3 Re2 32.
g5 Rxb2+ 33. Kc1 R8xb3 34. Qe8# 1-0

[Event "Early-Titled-Tuesday-Blitz-May-14-2024"]
[Site "Chess.com"]
[Date "2024.05.14"]
[Round "1"]
[White "whiteglovethief"]
[Black "Mops_2004"]
[Result "0-1"]
[WhiteElo "2467"]
[BlackElo "2817"]
[TimeControl "180+1"]
[EndTime "8:06:52 PDT"]
[Termination "Mops_2004 won by resignation"]

1. d4 d5 2. c4 e6 3. Nf3 Nf6 4. g3 Be7 5. Bg2 Ne4 6. O-O f5 7. Nc3 c6 8. Qc2 Nd7 9. Rb1 a5 10. a3 O-O 11. b4 axb4 12. axb4 Nb6 13. c5 Nc4 14. Nxe4 fxe4 15. Nd2 b5 16. Nxc4 bxc4 17. b5 cxb5 18. Rxb5 Qd7 19. Rb1 e5 20. Be3 Qc7 21.
Qc3 Ra5 22. Rfd1 exd4 23. Bxd4 Bxc5 24. Bxg7 Ra3 25. Be5 Qe7 26. Qb2 Rb3 27. Qa1 Rxb1 28. Rxb1 Rxf2 29. Bd4 Rf8 30. Rb5 Bxd4+ 31. Qxd4 Be6 32.
Bxe4 dxe4 33. Re5 Qf6 0-1

[Event "Early-Titled-Tuesday-Blitz-May-14-2024"]
[Site "Chess.com"]
[Date "2024.05.14"]
[Round "1"]
[White "NowInChess"]
[Black "karinachess1"]
[Result "0-1"]
[WhiteElo "2251"]
[BlackElo "2604"]
[TimeControl "180+1"]
[EndTime "8:06:52 PDT"]
[Termination "karinachess1 won on time"]

1. e4 e5 2. Nf3 Nc6 3. d4 exd4 4. Bc4 Nf6 5. e5 d5 6. Bb5 Ne4 7. Nxd4 Bd7 8. Bxc6 bxc6 9. O-O Bc5 10. f3 Ng5 11.
f4 Ne4 12. Be3 O-O 13. Nd2 f6 14. Nxe4 dxe4 15. Qd2 Qe7 16. e6 Bxe6 17. Nxc6 Qd6 18. Nd4 Rad8 19. c3 Bc4 20. Rfd1 Bd3 21. b4 Bb6 22.
Nf5 Qe6 23. Bxb6 cxb6 24. Nd4 Qc4 25. a4 Rc8 26. Rac1 Rfe8 27. Nf5 Qe6 28. Ne3 Qb3 29. a5 bxa5 30. bxa5 Rc5 31. Qf2 Rxa5 32. Qg3 Qf7 33. Ng4 Kh8 34. c4 Rc5 35. Ne3 Rec8 36. Nd5 Rxc4 0-1

[Event "Early-Titled-Tuesday-Blitz-May-14-2024"]
[Site "Chess.com"]
[Date "2024.05.14"]
[Round "1"]
[White "IndianSchoolOfSuffering"]
[Black "MatthewG-p4p"]
[Result "0-1"]
[WhiteElo "2479"]
[BlackElo "2841"]
[TimeControl "180+1"]
[EndTime "8:06:54 PDT"]
[Termination "MatthewG-p4p won by resignation"]

1. e4 e6 2. d4 d5 3. Nc3 Bb4 4. e5 Ne7 5. a3 Bxc3+ 6. bxc3 c5 7. Bd3 b6 8. Qg4 Ba6 9. Bxa6 Nxa6 10. Nf3 Qc7 11. Bd2 O-O 12. O-O cxd4 13. cxd4 Qxc2 14. Rfc1 Qg6 15. Qf4 Rac8 16. Qe3 Rc4 17. Qb3 Rfc8 18. Qb5 Qd3 19. Rxc4 Qxc4 20. Qd7 Qc7 21. Qa4 Nb8 22. g4 Qd7 23. Qxd7 Nxd7 24. Rc1 Rc4 25. Kf1 Nc6 26. Be3 b5 27. Rb1 a6 28. Ke2 Nb6 29. Kd3 Ra4 30.
Rb3 Nc4 31. Bc1 f6 32. exf6 gxf6 33. g5 e5 34. dxe5 fxe5 35. Ke2 e4 36. Nh4 Nd4+ 0-1

[Event "Early-Titled-Tuesday-Blitz-May-14-2024"]
[Site "Chess.com"]
[Date "2024.05.14"]
[Round "1"]
[White "ravengelic"]
[Black "el_sporco"]
[Result "1-0"]
[WhiteElo "2686"]
[BlackElo "2370"]
[TimeControl "180+1"]
[EndTime "8:06:54 PDT"]
[Termination "ravengelic won by resignation"]

1. d4 Nf6 2. Bf4 c5 3. e3 Qb6 4. Na3 Qxb2 5. Nb5 Nd5 6. Rb1 Qxa2 7. dxc5 Qa5+ 8. c3 Nxf4 9. exf4 Na6 10. Ra1 Qd8 11. Nf3 Nxc5 12. Nxa7 Rxa7 13. Rxa7 g6 14. Qd4 Qb6 15. Ra8 Qb1+ 16. Qd1 Qxd1+ 17. Kxd1 Kd8 18. Ne5 Kc7 19. Nxf7 Rg8 20. Bc4 e6 21. Kc2 d5 22.
Bb5 Bg7 23. Ne5 Rf8 24. Re1 Rxf4 25. f3 Rf5 26. Nd3 Nxd3 27. Bxd3 Rf8 28. Rb1 Be5 29. h3 Bd6 30. Rba1 e5 31. c4 e4 32. fxe4 Rf2+ 33.
Kb3 dxc4+ 34. Bxc4 Rxg2 35. Bd5 Rg3+ 36. Kc4 Rxh3 37.
Rxc8+ Kd7 38. Raa8 1-0

[Event "Early-Titled-Tuesday-Blitz-May-14-2024"]
[Site "Chess.com"]
[Date "2024.05.14"]
[Round "1"]
[White "MasterKroket"]
[Black "GM_dmitrij"]
[Result "0-1"]
[WhiteElo "2541"]
[BlackElo "3026"]
[TimeControl "180+1"]
[EndTime "8:06:55 PDT"]
[Termination "GM_dmitrij won on time"]

1. e4 c6 2. d4 d5 3. Nc3 dxe4 4.
Nxe4 Nf6 5. Nxf6+ exf6 6. c3 Bd6 7. Bd3 O-O 8. Ne2 c5 9. O-O Nc6 10. dxc5 Bxc5 11. Bf4 Ne5 12. Be4 Qe7 13. Qc2 h6 14. Ng3 Re8 15. b3 Be6 16. Rad1 Rac8 17. c4 a6 18. Nf5 Qf8 19. Bd5 b5 20. Bxe6 fxe6 21. Bxe5 exf5 22. Bd4 bxc4 23. Qxc4+ Qf7 24. Qxf7+ Kxf7 25. Bxc5 Rxc5 26. Rd4 Re2 27. Ra4 a5 28. g3 g5 29. h4 Kg6 30. Kg2 Rb2 31. hxg5 fxg5 32.
Kg1 g4 33. Kg2 Kg5 34. Kg1 h5 35. Kg2 Rd5 36. Kg1 h4 37. gxh4+ Kxh4 38. Kg2 Kg5 39. Kg1 f4 40. Kg2 Rc5 41. Kg1 f3 42. Rd1 Kh4 43. a3 Kh3 44. b4 Rcc2 45. Rf1 g3 46. Rxa5 Rxf2 47. Rxf2 Rxf2 48. Ra8 Rg2+ 49. Kf1 Ra2 50. Rh8+ Kg4 51. Rg8+ Kf4 52. Rf8+ Ke4 53. Re8+ Kd5 54. Re3 Ra1+ 55. Re1 g2+ 56. Kf2 Rxe1 57. Kxe1 g1=Q+ 0-1

[Event "Early-Titled-Tuesday-Blitz-May-14-2024"]
[Site "Chess.com"]
[Date "2024.05.14"]
[Round "1"]
[White "David_Arutinian"]
[Black "betta2004"]
[Result "0-1"]
[WhiteElo "2827"]
[BlackElo "2503"]
[TimeControl "180+1"]
[EndTime "8:06:55 PDT"]
[Termination "betta2004 won by resignation"]

1. Nf3 b6 2. g3 Bb7 3. Bg2 g6 4.
c4 Bg7 5. O-O c5 6. Nc3 d6 7. e4 e6 8. d4 Ne7 9. d5 e5 10. a3 O-O 11. b4 f5 12. Ng5 Bc8 13.
bxc5 bxc5 14. Rb1 h6 15. Ne6 Bxe6 16. dxe6 Nbc6 17. exf5 gxf5 18. Nb5 Nd4 19. Bxa8 Qxa8 20. Nxd4 cxd4 21. a4 Rf6 22. Qb3 Rxe6 23. c5 d5 24. Ba3 Rc6 25. Qb7 Qc8 26. Qxa7 Rc7 27. Qb6 Nc6 28. a5 d3 29. a6 e4 30. Rb5 f4 31. a7 Rxa7 32. Bc1 f3 33. Kh1 Ra1 34. Rg1 d2 35. Rb1 dxc1=Q 36. Rbxc1 Rxc1 37. Rxc1 Bd4 38. Qb3 Qf5 39. Rd1 e3 40. fxe3 f2 41.
Kg2 Bxc5 42. Qxd5+ Qxd5+ 43. Rxd5 Bxe3 44. Re5 Nxe5 45. Kf1 Ng4 0-1